Map: Berlingrad LE

Players

herO

  • Race: Protoss Protoss

Lambo - Winner!

  • Race: Zerg Zerg

Event: TSL 8

VOD

Have the link to the VOD?

Description

Time

  • Played on: Dec. 4, 2021, 9:15 a.m.
  • Length: 11:10

All games in this series

Show
View Real Time Build Order
Export as new Build Order

herO Protoss 

Build Orders: 1 Gate Expand, Oracle Opening 

Get SALT Encoding   

  12  0:00  Probe  
  13  0:13  Pylon  
  13  0:18  Probe (Chrono Boost)  
  14  0:27  Probe (Chrono Boost)  
  15  0:32  Probe (Chrono Boost)  
  16  0:41  Gateway  
  16  0:44  Probe  
  16  0:49  Assimilator  
  17  0:56  Probe  
  18  1:08  Probe  
  19  1:20  Probe  
  20  1:27  Nexus  
  20  1:35  Cybernetics Core  
  20  1:38  Probe  
  21  1:44  Assimilator  
  21  1:50  Probe  
  21  1:54  Pylon  
  22  2:02  Probe (Chrono Boost)  
  23  2:12  Adept  
  23  2:14  Probe (Chrono Boost)  
  26  2:17  Stargate  
  26  2:21  Probe (Chrono Boost)  
  27  2:25  Warp Gate  
  27  2:28  Probe  
  28  2:34  Pylon  
  28  2:42  Adept, Probe (Chrono Boost)  
  31  2:49  Probe (Chrono Boost), Pylon  
  32  2:54  Probe (Chrono Boost)  
  34  3:00  Oracle (Chrono Boost)  
  34  3:01  Probe x2 (Chrono Boost)  
  38  3:13  Probe x2  
  38  3:18  Gateway  
  38  3:19  Pylon  
  40  3:21  Void Ray (Chrono Boost)  
  40  3:25  Probe x2  
  46  3:37  Probe x2  
  48  3:50  Nexus  
  48  3:53  Pylon  
  48  3:59  Probe  
  48  4:00  Probe  
  48  4:02  Assimilator  
  50  4:03  Assimilator  
  50  4:12  Probe x2 (Chrono Boost), Stargate  
  50  4:16  Void Ray  
  52  4:22  Pylon  
  57  4:24  Probe (Chrono Boost)  
  58  4:31  Probe (Chrono Boost)  
  58  4:32  Probe (Chrono Boost)  
  59  4:38  Forge  
  59  4:40  Probe x2  
  61  4:48  Adept x2  
  61  4:52  Probe x2  
  67  4:53  Void Ray (Chrono Boost)  
  67  4:54  Pylon  
  67  4:57  Void Ray (Chrono Boost)  
  67  5:02  Shield Battery  
  75  5:13  Probe x3  
  78  5:18  Pylon  
  78  5:21  Void Ray (Chrono Boost)  
  78  5:25  Probe x2  
  78  5:28  Photon Cannon  
  81  5:35  Void Ray (Chrono Boost)  
  89  5:38  Photon Cannon  
  89  5:40  Shield Battery  
  89  5:42  Probe x2  
  90  5:43  Probe  
  90  5:48  Shield Battery  
  91  5:50  Zealot  
  91  5:52  Zealot  
  95  6:00  Void Ray (Chrono Boost)  
  101  6:05  Void Ray (Chrono Boost)  
  99  6:12  Photon Cannon  
  99  6:15  Shield Battery x2  
  99  6:17  Pylon  
  99  6:21  Zealot  
  99  6:26  Zealot  
  92  6:33  Photon Cannon  
  92  6:37  Void Ray x2 (Chrono Boost)  
  89  6:55  Photon Cannon x2  
  87  7:06  Photon Cannon, Shield Battery  
  87  7:07  Shield Battery  
  87  7:10  Pylon  
  84  7:29  Fleet Beacon  
  78  7:38  Pylon x2  
  78  7:40  Photon Cannon  
  78  7:50  Void Ray x2  
  78  7:56  Probe x2  
  78  7:57  Zealot  
  90  8:02  Flux Vanes  
  90  8:04  Zealot  
  85  8:08  Probe x2  
  82  8:20  Probe x2  
  80  8:27  Void Ray x2 (Chrono Boost)  
  80  8:30  Zealot  
  89  8:38  Probe x2  
  91  8:44  Photon Cannon  
  91  8:50  Cybernetics Core  
  91  8:52  Probe  
  92  8:58  Gateway  
  92  9:09  Pylon  
  92  9:21  Void Ray x2  
  100  9:33  Probe x2  
  102  9:47  Robotics Facility  
  102  9:48  Robotics Facility  
  102  9:55  Void Ray (Chrono Boost)  
  102  10:09  Pylon  
  102  10:10  Nexus  
  102  10:11  Pylon  
  102  10:21  Void Ray  
  102  10:22  Pylon  
  102  10:25  Void Ray  
  106  10:29  Photon Cannon  
  106  10:32  Shield Battery  
  102  10:42  Observer  
  102  10:45  Robotics Bay  
Show
View Real Time Build Order
Export as new Build Order

Lambo Zerg - Winner!

Build Orders: Hatch First 

Get SALT Encoding   

  12  0:00  Drone  
  13  0:12  Overlord  
  13  0:16  Drone  
  14  0:32  Drone x2  
  16  0:37  Drone  
  17  0:51  Hatchery  
  17  0:55  Drone  
  17  0:57  Drone  
  18  1:09  Extractor  
  17  1:13  Spawning Pool  
  17  1:16  Drone  
  17  1:20  Drone  
  18  1:28  Drone  
  19  1:39  Drone  
  20  1:51  Overlord  
  20  2:00  Queen  
  22  2:02  Queen  
  22  2:03  Drone  
  22  2:04  Zergling x2  
  26  2:13  Metabolic Boost  
  26  2:15  Drone  
  27  2:16  Drone  
  28  2:25  Drone x2  
  30  2:36  Zergling x2  
  31  2:38  Drone  
  31  2:40  Queen  
  34  2:51  Overlord  
  34  2:57  Hatchery  
  33  3:03  Spore Crawler  
  32  3:10  Drone x7  
  40  3:14  Drone  
  40  3:16  Queen  
  40  3:19  Drone  
  44  3:29  Overlord  
  44  3:33  Overlord  
  44  3:38  Overlord  
  44  3:47  Queen  
  44  3:48  Drone x2  
  48  3:53  Drone x6, Spore Crawler  
  53  3:58  Drone x2  
  55  4:05  Drone x2  
  56  4:10  Queen  
  56  4:11  Zergling x2  
  60  4:17  Zergling x4  
  60  4:19  Spore Crawler  
  60  4:23  Drone x3, Roach Warren  
  62  4:26  Extractor  
  62  4:27  Extractor  
  62  4:28  Drone x2  
  62  4:34  Drone x3  
  65  4:41  Lair  
  65  4:44  Drone x2  
  66  4:50  Spore Crawler  
  66  4:51  Overlord  
  66  4:52  Overlord x2  
  64  5:04  Overlord  
  64  5:08  Overlord  
  64  5:11  Overlord  
  64  5:15  Roach  
  64  5:16  Roach x6  
  64  5:19  Roach  
  64  5:20  Overlord  
  80  5:24  Overlord  
  80  5:26  Zergling x8  
  84  5:31  Zergling x6  
  84  5:35  Zergling x6  
  90  5:37  Zergling x2  
  90  5:39  Ravager  
  91  5:45  Ravager x3  
  91  5:46  Zergling x4  
  91  5:47  Queen  
  91  5:49  Zergling x2  
  99  5:51  Ravager  
  99  5:53  Zergling x2  
  99  5:55  Zergling x8  
  103  6:00  Zergling x8  
  104  6:05  Zergling x4  
  104  6:10  Ravager x2  
  104  6:11  Zergling x2  
  107  6:12  Queen x2  
  107  6:14  Zergling x2  
  109  6:18  Zergling x2  
  109  6:24  Zergling x2  
  103  6:29  Zergling x4  
  103  6:30  Ravager, Queen  
  107  6:34  Roach  
  107  6:39  Roach x2  
  110  6:43  Roach  
  110  6:46  Roach  
  111  6:47  Queen x2  
  111  6:48  Roach  
  111  6:52  Hydralisk Den  
  111  6:55  Zergling x2  
  110  7:04  Zergling x4  
  110  7:05  Zergling x2  
  110  7:06  Queen  
  112  7:13  Zergling x4  
  113  7:16  Spore Crawler  
  113  7:17  Zergling x2  
  105  7:23  Queen  
  105  7:26  Grooved Spines  
  100  7:30  Hydralisk x4  
  100  7:31  Hydralisk  
  100  7:33  Drone x2  
  100  7:34  Extractor  
  112  7:42  Hydralisk x2  
  112  7:44  Drone x3  
  119  7:49  Hydralisk  
  121  7:56  Hydralisk  
  115  7:58  Queen  
  115  7:59  Queen x2  
  115  8:01  Hydralisk  
  116  8:09  Hydralisk  
  116  8:12  Drone x7  
  119  8:14  Drone x3  
  119  8:22  Drone x2  
  115  8:29  Extractor  
  115  8:32  Extractor  
  115  8:33  Drone x8  
  109  8:34  Queen  
  109  8:36  Evolution Chamber  
  109  8:38  Muscular Augments  
  109  8:40  Drone x2  
  112  8:44  Hydralisk  
  114  8:50  Hydralisk x2  
  114  8:53  Hydralisk x2  
  122  9:03  Overlord  
  122  9:04  Overlord  
  122  9:05  Overlord  
  122  9:06  Overlord  
  122  9:13  Queen  
  122  9:17  Overlord  
  122  9:21  Queen x2, Overlord  
  122  9:23  Hydralisk x5  
  135  9:31  Hydralisk x3  
  131  9:38  Hydralisk x3  
  137  9:43  Hydralisk x2  
  145  9:53  Hydralisk  
  145  9:56  Hydralisk x2  
  145  9:57  Hydralisk x2  
  145  10:05  Hydralisk x2, Infestation Pit  
  148  10:10  Hydralisk  
  148  10:11  Hydralisk  
  152  10:16  Hydralisk  
  152  10:17  Hydralisk x2  
  158  10:22  Hydralisk x2  
  158  10:25  Zergling x6  
  165  10:30  Hydralisk x2  
  169  10:37  Hydralisk  
  169  10:41  Hydralisk x3  
Tags
 
Add a new tag
Caveats
  • Supply blocks, unpowered buildings, or Contaminate may cause inaccurate times.
  • Supply counts are checked every 10 seconds.